AoeStats
← iAlejandrouae

Pilgrims

508936359Analyzed
4v4 RM · 7d ago on Sep 24, 2026· 12m 26s· 8 players
Game mode
Random Map
Map size
Large (8 player)
Population
200
Speed
Normal
Resources
Standard
Victory
Conquest
Starting age
Dark Age
Ending age
Imperial Age
RankedLock teamsTeams togetherTeam positionsShared explorationLock speedFull tech treeHidden civsTurbo modeCheats
Victory
Defeat
🇨🇳 Khitans · China
1654
+10
🇨🇴 Vikings · Colombia
1602
+12
🇲🇽 Italians · Mexico
1412
+20
🇨🇭 Tatars · Switzerland
1373
+22
🇦🇷 Magyars · Argentina
1609
-20
🇩🇪 Britons · Germany
1510
-16
🇶🇦 Goths · Qatar
1507
-16
🇸🇮 Mongols · Slovenia
1405
-12
Theverat
8:02 Loom
10:06 Feudal Age
11:41 Town Watch
12:33 Wheelbarrow
11:56 Man-at-Arms
Mr. Weedman
3:22 Loom
9:46 Feudal Age
iAlejandrouae
6:21 Loom
6:47 Loom
11:54 Feudal Age
JanChess
8:36 Loom
11:05 Feudal Age
11:52 Double-Bit Axe
Zaphod
9:16 Feudal Age
8:22 Loom
10:13 Double-Bit Axe
10:58 Fletching
12:11 Town Watch
The .Gocho
7:47 Loom
10:35 Feudal Age
14:18 Castle Age
12:34 Fishing Lines
EL MAYA
8:49 Feudal Age
10:16 Double-Bit Axe
12:54 Wheelbarrow
12:40 Loom
Bz_青红
6:30 Loom
10:13 Feudal Age
10:39 Town Watch
12:05 Fletching
12:02 Double-Bit Axe
12:00 Domestication
Connection lost

Rejoining the realm…

Still unreachable

The connection could not be restored.

Session expired

The server has moved on; the page needs a fresh start.